Map: Glittering Ashes LE

Players

Kelazhur

  • Race: Terran Terran
  • League: Master

ShoWTimE - Winner!

  • Race: Protoss Protoss
  • League: Master

VOD

Have the link to the VOD?

Description

Time

  • Played on: Oct. 21, 2021, 8:36 a.m.
  • Length: 14:27
Show
View Real Time Build Order
Export as new Build Order

Kelazhur Terran 

Build Orders:  

Get SALT Encoding   

  12  0:00  SCV  
  13  0:12  SCV  
  14  0:17  Supply Depot  
  14  0:24  SCV  
  15  0:39  SCV  
  15  0:42  Barracks  
  16  0:46  Refinery  
  16  0:51  SCV  
  16  0:55  Refinery  
  17  1:03  SCV  
  18  1:15  SCV  
  19  1:28  Reaper, Orbital Command  
  19  1:31  Supply Depot  
  20  1:43  Factory  
  20  1:55  SCV  
  20  2:01  Reaper  
  22  2:04  Bunker  
  22  2:08  SCV  
  23  2:20  SCV  
  24  2:33  SCV  
  24  2:34  Widow Mine  
  26  2:37  Starport  
  26  2:42  Supply Depot  
  26  2:45  SCV  
  27  2:56  Widow Mine  
  30  2:58  SCV  
  30  2:59  Command Center  
  30  3:11  SCV  
  31  3:15  Medivac  
  31  3:18  Widow Mine  
  31  3:19  Supply Depot  
  35  3:25  SCV  
  35  3:39  SCV  
  35  3:40  Bunker  
  36  3:43  Factory Tech Lab  
  36  3:46  Barracks  
  36  3:49  Barracks  
  36  3:53  Starport Tech Lab  
  36  3:54  SCV  
  37  4:03  Siege Tank  
  37  4:06  SCV  
  41  4:11  Orbital Command  
  41  4:18  SCV  
  42  4:28  Marine  
  42  4:29  Stimpack  
  42  4:30  SCV  
  44  4:37  Barracks Reactor  
  44  4:38  SCV  
  44  4:42  SCV  
  37  4:47  Marauder x2, Combat Shield  
  37  4:50  SCV, Starport Reactor  
  42  4:53  Refinery  
  42  4:55  SCV, Refinery  
  43  5:02  SCV  
  43  5:04  Factory Reactor  
  45  5:07  SCV  
  45  5:10  Engineering Bay  
  45  5:11  Marauder, Supply Depot  
  45  5:12  Marauder  
  45  5:13  Marine  
  50  5:14  Marine  
  50  5:18  SCV  
  52  5:23  SCV  
  53  5:31  Marine, SCV  
  53  5:32  Marine, Marauder  
  53  5:33  Marauder  
  53  5:35  SCV  
  61  5:36  Supply Depot  
  61  5:38  Terran Infantry Weapons Level 1  
  61  5:45  Medivac  
  61  5:46  Medivac  
  61  5:47  SCV  
  61  5:49  SCV  
  67  5:52  Supply Depot  
  67  5:58  Marauder x2  
  67  6:01  Marine x2  
  67  6:03  SCV  
  71  6:04  SCV  
  71  6:08  Supply Depot  
  72  6:15  SCV  
  72  6:16  SCV  
  74  6:25  Marine  
  74  6:26  Marine, Marauder x2  
  74  6:31  Supply Depot  
  82  6:33  Concussive Shells  
  82  6:34  Widow Mine  
  82  6:35  Widow Mine  
  82  6:37  Medivac x2  
  88  6:41  Supply Depot  
  88  6:45  Marine  
  88  6:46  Marine, Supply Depot  
  90  6:47  Marauder  
  92  7:05  Command Center  
  90  7:17  Marauder  
  90  7:18  Medivac x2  
  90  7:21  Widow Mine  
  90  7:22  Widow Mine  
  98  7:28  Marine  
  98  7:29  Marine, Marauder, SCV  
  90  7:39  Marauder  
  90  7:42  Command Center  
  90  7:43  Widow Mine x2  
  90  7:44  SCV  
  95  7:48  Marine x2  
  95  7:49  Terran Infantry Armor Level 1  
  95  7:50  Marauder  
  99  7:56  SCV  
  100  8:00  Marauder  
  102  8:06  Marine  
  102  8:08  Marine  
  102  8:10  Widow Mine  
  102  8:11  Barracks, Widow Mine  
  102  8:12  Barracks  
  108  8:14  SCV  
  108  8:17  Armory  
  100  8:25  Marine, Marauder  
  100  8:26  Marine, Marauder, SCV  
  98  8:30  SCV  
  98  8:32  Widow Mine x2  
  103  8:34  Medivac x2  
  103  8:38  SCV  
  108  8:42  SCV  
  109  8:52  Marine  
  109  8:53  Marine, Marauder x2, SCV  
  109  8:54  SCV  
  109  8:55  Widow Mine x2  
  113  9:00  Orbital Command  
  113  9:05  Barracks Tech Lab, SCV  
  113  9:06  Barracks Reactor  
  113  9:07  SCV  
  115  9:11  Marine x2  
  115  9:16  Marauder x2  
  121  9:17  SCV  
  121  9:20  SCV  
  121  9:25  SCV  
  121  9:27  Marauder  
  121  9:29  Marine x2, SCV  
  121  9:30  Widow Mine  
  129  9:33  SCV  
  129  9:35  Missile Turret  
  129  9:37  Marauder, SCV  
  133  9:42  SCV  
  133  9:43  Terran Infantry Weapons Level 2  
  133  9:44  Planetary Fortress  
  134  9:45  SCV  
  134  9:49  SCV  
  134  9:50  Marine, Marauder x2  
  141  9:59  Marauder  
  143  10:02  SCV  
  143  10:05  Marine x2, Widow Mine x2  
  148  10:18  Supply Depot x2  
  148  10:19  Supply Depot  
  148  10:24  Ghost Academy  
  148  10:26  Refinery  
  148  10:27  Refinery  
  148  10:32  SCV x4  
  148  10:38  Supply Depot  
  148  10:39  Marine x4, Medivac x2  
  148  10:40  Marauder x3  
  160  10:50  Barracks  
  160  10:51  Barracks  
  160  10:52  Barracks  
  156  10:57  Marine  
  154  11:14  Medivac x2  
  150  11:23  Marine  
  150  11:25  Marine  
  148  11:27  Marine  
  148  11:30  Unknown x3  
  133  11:39  Marine  
  104  11:44  Medivac x2  
  87  11:55  Marine  
  87  11:56  Marine  
  87  11:57  Marine x2  
  87  11:58  Unknown x2, Widow Mine  
  87  11:59  Marauder  
  84  12:02  Unknown, Marauder  
  80  12:13  Marine  
  80  12:14  Marine x3  
  71  12:20  Marauder  
  63  12:23  Marine  
  63  12:27  Unknown, Marauder  
  64  12:31  Marine  
  64  12:32  Marine  
  64  12:34  Marine  
  67  12:41  Marauder x2  
  71  12:45  Widow Mine x2  
  71  12:48  Marine  
  71  12:49  Marauder  
  78  12:51  Marine  
  79  13:02  Marine x2  
  81  13:05  Marauder  
  81  13:07  Marine  
  81  13:08  Marine  
  81  13:13  Marine x2  
  83  13:22  Marine, Marauder  
  85  13:36  Marauder  
  85  13:37  Marauder  
  85  13:39  Marine  
  77  13:43  Widow Mine  
  77  13:47  Marine  
  80  13:54  Marine  
  80  13:55  Marine  
  75  13:57  Marine  
  75  13:58  Marine  
Show
View Real Time Build Order
Export as new Build Order

ShoWTimE Protoss - Winner!

Build Orders: 1 Gate Expand, Zealot Archon 

Get SALT Encoding   

  12  0:00  Probe  
  13  0:12  Probe  
  14  0:17  Pylon  
  14  0:24  Probe  
  15  0:36  Probe (Chrono Boost), Gateway  
  16  0:46  Probe (Chrono Boost), Assimilator  
  17  0:51  Probe (Chrono Boost)  
  18  1:03  Probe  
  19  1:15  Probe  
  20  1:24  Cybernetics Core  
  20  1:32  Nexus  
  20  1:38  Pylon  
  20  1:40  Probe  
  20  1:45  Assimilator  
  21  1:53  Probe  
  22  1:57  Stalker (Chrono Boost)  
  24  2:05  Probe  
  24  2:17  Probe  
  24  2:19  Stalker (Chrono Boost)  
  27  2:27  Warp Gate (Chrono Boost)  
  27  2:29  Probe  
  28  2:40  Stalker  
  28  2:41  Probe  
  31  2:45  Probe  
  32  2:55  Probe (Chrono Boost)  
  32  2:57  Probe (Chrono Boost)  
  34  3:09  Probe (Chrono Boost), Gateway  
  34  3:11  Probe (Chrono Boost)  
  34  3:14  Probe (Chrono Boost)  
  34  3:17  Probe  
  36  3:23  Probe  
  37  3:29  Probe  
  38  3:35  Twilight Council  
  38  3:36  Probe  
  39  3:41  Probe  
  39  3:44  Pylon  
  39  3:48  Probe  
  41  3:54  Probe  
  41  3:55  Robotics Facility  
  42  3:56  Assimilator  
  42  4:00  Probe  
  43  4:06  Probe  
  43  4:08  Blink (Chrono Boost)  
  43  4:09  Pylon  
  44  4:10  Stalker x2  
  44  4:12  Probe  
  49  4:18  Probe  
  50  4:24  Probe  
  50  4:30  Probe  
  51  4:34  Stalker x2  
  51  4:36  Probe  
  56  4:42  Probe  
  56  4:44  Warp Prism (Chrono Boost)  
  60  4:53  Pylon  
  61  5:01  Nexus  
  61  5:06  Stalker  
  61  5:11  Stalker  
  61  5:13  Observer  
  64  5:14  Probe  
  64  5:15  Probe  
  66  5:23  Assimilator  
  66  5:26  Templar Archives, Probe, Forge  
  66  5:28  Probe  
  68  5:38  Probe  
  68  5:40  Probe  
  70  5:44  Psionic Storm  
  70  5:47  Charge (Chrono Boost), Gateway x2  
  70  5:54  Protoss Ground Weapons Level 1 (Chrono Boost)  
  70  6:00  Probe x2  
  70  6:08  Gateway  
  70  6:12  Probe x2  
  70  6:13  Gateway  
  70  6:15  Probe  
  73  6:21  High Templar  
  73  6:24  Probe x2  
  77  6:26  Gateway  
  77  6:27  Probe  
  78  6:35  Gateway, High Templar  
  78  6:37  Probe x2  
  83  6:40  Probe  
  83  6:41  Pylon  
  83  6:44  Assimilator  
  83  6:46  Shield Battery  
  83  6:47  Pylon  
  83  6:48  Assimilator  
  83  6:52  Pylon  
  83  6:53  Zealot  
  83  7:01  Zealot x2  
  83  7:07  Zealot x2  
  89  7:08  Probe  
  89  7:09  Probe  
  89  7:15  Probe  
  82  7:18  Stalker x2  
  80  7:23  Stalker x2  
  80  7:26  Probe, Zealot  
  80  7:28  Probe  
  82  7:30  Zealot x3  
  82  7:37  Immortal (Chrono Boost)  
  86  7:43  Sentry, Zealot  
  94  7:47  Pylon  
  94  7:49  High Templar x2  
  94  7:50  Zealot x3  
  94  7:51  Zealot  
  106  7:55  Archon  
  106  8:05  Zealot  
  108  8:06  Immortal (Chrono Boost)  
  108  8:08  Protoss Ground Armor Level 1 (Chrono Boost)  
  108  8:12  Pylon  
  112  8:15  Pylon  
  112  8:18  Zealot x5  
  110  8:22  Observer  
  110  8:25  High Templar x2  
  108  8:29  Zealot  
  108  8:32  Photon Cannon  
  110  8:35  Shield Battery  
  110  8:37  Shield Battery  
  110  8:39  Pylon, Zealot x2  
  114  8:41  Zealot  
  114  8:44  Zealot  
  118  8:49  Zealot x2  
  116  8:56  Probe  
  116  8:57  Zealot x2  
  116  9:01  Assimilator  
  121  9:04  High Templar x2  
  121  9:05  High Templar x2  
  121  9:07  Pylon  
  121  9:09  Archon x2  
  129  9:15  Pylon  
  129  9:19  Observer  
  129  9:20  Stalker x4  
  132  9:37  Zealot x4  
  140  9:44  Stalker x4  
  148  9:48  Pylon  
  148  9:49  Pylon  
  148  10:01  Probe, Protoss Ground Weapons Level 2 (Chrono Boost)  
  148  10:02  Stalker x3  
  148  10:07  Photon Cannon  
  149  10:18  Photon Cannon  
  146  10:21  Photon Cannon  
  146  10:22  Warp Prism (Chrono Boost)  
  138  10:36  Probe  
  138  10:37  Probe  
  138  10:41  Zealot x3  
  139  10:52  Zealot x3  
  145  11:01  Zealot x2  
  143  11:05  Zealot  
  143  11:10  Zealot x2  
  139  11:15  Stalker  
  129  11:20  Zealot x2  
  129  11:24  Zealot  
  131  11:29  Zealot  
  127  11:37  Zealot x2  
  129  11:42  Zealot x2  
  129  11:45  Archon x2  
  129  11:49  Warp Prism  
  111  11:59  Stalker x2  
  99  12:14  High Templar x6  
  101  12:21  Observer  
  85  12:26  Observer (Chrono Boost)  
  80  12:32  Archon x2, High Templar  
  80  12:33  Archon  
  82  12:42  Immortal (Chrono Boost)  
  86  12:45  Zealot  
  86  12:47  Nexus  
  87  12:56  High Templar x3  
  93  12:58  Stalker x3  
  93  13:04  Pylon  
  93  13:05  Zealot x2  
  103  13:22  Immortal  
  103  13:23  Observer, Stalker x2  
  111  13:34  Zealot x4  
  105  13:42  Zealot x2  
  105  13:46  Zealot x2  
  113  13:54  High Templar x3  
  113  13:55  High Templar  
  118  13:58  Archon x2  
  118  14:05  Stalker x2  
  115  14:19  Zealot x2  
Tags
 
Add a new tag
Caveats
  • Supply blocks, unpowered buildings, or Contaminate may cause inaccurate times.
  • Supply counts are checked every 10 seconds.